 Dungeon Crawl Stone Soup version 0.29-a0-920-g5d2155ec51 (webtiles) character file.

Game seed: 13248794576061536164

7 Ajdolov the Shield-Bearer (level 2, 0/16 HPs)
             Began as a Vine Stalker Fighter on July 27, 2022.
             Succumbed to a goblin's poison
             ... on level 1 of the Dungeon.
             The game lasted 00:00:20 (141 turns).

Ajdolov the Shield-Bearer (Vine Stalker Fighter)     Turns: 141, Time: 00:00:21

Health: 0/16       AC:  6    Str: 18    XL:     2   Next: 0%
Magic:  1/3        EV:  9    Int:  8    God:
Gold:   18         SH:  4    Dex: 13    Spells: 1/1 levels left

rFire   . . .      SeeInvis .   a - +0 flail
rCold   . . .      Faith    .   c - +0 buckler
rNeg    . . .      Spirit   +   b - +0 scale mail
rPois   .          Reflect  .   (no helmet)
rElec   .          Harm     .   (no cloak)
rCorr   .          Rampage  .   (no gloves)
Will    .....                   (no boots)
Stlth   ..........              (no amulet)
HPRegen 0.05/turn               (no ring)
MPRegen 0.08/turn               (no ring)

@: lethally poisoned (0 -> -11)
A: fangs 2, magic shield, antimagic bite, no potion heal 2
a: no special abilities


You were on level 1 of the Dungeon.
You visited 1 branch of the dungeon, and saw 1 of its levels.

You collected 18 gold pieces.

Inventory:

Hand Weapons
 a - a +0 flail (weapon)
Armour
 b - a +0 scale mail (worn)
 c - a +0 buckler (worn)
 g - a +0 cloak
Scrolls
 e - a scroll of blinking {unknown}
Potions
 d - a potion of might
 f - 2 potions of curing {unknown}


   Skills:
 - Level 2.6 Fighting
 * Level 2.4 Maces & Flails
 - Level 2.4 Armour
 - Level 2.6 Shields


You had one spell level left.
You didn't know any spells.
Your spell library was empty.

Dungeon Overview and Level Annotations

Branches:
Dungeon (1/15)

Altars:


Innate Abilities, Weirdness & Mutations

You have extremely sharp teeth.
When hurt, damage is shared between your health and your magic reserves.
Your bite disrupts and absorbs the magic of your enemies.
Potions cannot restore your health.


Message History

No target in view!
f - a metallic orange potion You see here a ball python corpse.
A hobgoblin comes into view.
The hobgoblin shouts!
A hobgoblin is nearby!
You sock the hobgoblin!
You kill the hobgoblin!
No target in view!
No target in view!
You now have 18 gold pieces (gained 7).
You see here a hobgoblin corpse.
f - 2 metallic orange potions (gained 1)
Found an escape hatch in the floor.
Found a cloak.
A goblin and a jackal come into view.
The goblin is wielding a +1 dagger of venom.
The jackal barks!
A jackal comes into view.
The jackal barks!
A jackal comes into view.
You see here a +0 cloak.
g - a +0 cloak You thump the jackal!
You kill the jackal!
You closely miss the goblin. The goblin hits you but does no damage.
You are lethally poisoned!
You barely miss the goblin. You bite the goblin, but do no damage.
You feel very sick. The goblin barely misses you.
The goblin hits you but does no damage.
You are more poisoned.
You hit the goblin.
You kill the goblin!
You feel very sick. The jackal bites you.
* * * LOW HITPOINT WARNING * * *
You have reached level 2!
You hit the jackal.
The jackal is almost dead.
You die...

..#.#.. #.#. ....... ...
...### ..# .. . ... . #+##
#.# ### ..... #.# .... ..
..... #.# #... #.#
hhh...#@#... #.#
......#h#.##### #+# #.#
#...g.......... #.# #.#
#######.#.#.... #.# #.#
#........... #.###.#
#.#.##....#####......
.#####.#.########........†
...>..............######.#
.#####.#.########.# #.#


You could see a jackal.

Vanquished Creatures
  A ball python (D:1)
  A goblin (D:1)
  A hobgoblin (D:1)
  A jackal (D:1)
  A bat (D:1)
  A frilled lizard (D:1)
6 creatures vanquished.

Notes
Turn   | Place    | Note
-------+----------+-------------------------------------------
     0 | D:1      | Ajdolov the Vine Stalker Fighter began the quest for the
                  | Orb.
     0 | D:1      | Reached XP level 1. HP: 11/11 MP: 2/2
   141 | D:1      | Reached XP level 2. HP: 3/16 MP: 1/3
   141 | D:1      | Succumbed to a goblin's poison

Illustrated notes

Levels and vault maps discovered:
D:1:      dpeg_arrival_rooms_with_view, layout_basic,
          hellmonk_ecumenical_altar_slurped_away

Skill      XL: |  1 |
---------------+----+-----
Maces & Flails | 2 |  2.4
Fighting       | |  2.6
Armour         | |  2.4
Shields        | |  2.6

Action                   || total
-------------------------++-------
Melee: Flail             ||    10
       Bite              ||     1
Armor: Scale mail        ||     3
Dodge: Dodged            ||     4
Block: Buckler           ||     1

Table legend: (Time is in decaauts)
 A = Elapsed time spent in this place.
 B = Non-inter-level travel time spent in this place.
 C = Inter-level travel time spent in this place.
 D = Time resting spent in this place.
 E = Time spent auto-exploring this place.
 F = Levels seen in this place.
 G = Mean time per level.
                   A        B        C        D        E       F      G
               +--------+--------+--------+--------+--------+-----+--------+
         Total |    144 |    144 |      0 |      0 |    110 |   1 |  144.0 |
       Dungeon |    144 |    144 |      0 |      0 |    110 |   1 |  144.0 |
               +--------+--------+--------+--------+--------+-----+--------+

Top non-repeatable levels by time:
     D:1: 144 daAuts
